 Dungeon Crawl Stone Soup version 0.28.0-53-g5a82cb258f (webtiles) character file.

Game seed: 2348905938590686605

109 Woods the Insei (level 4, -5/34 HPs)
             Began as a Gnoll Transmuter on June 9, 2022.
             Slain by a water moccasin skeleton (6 damage)
             ... on level 3 of the Dungeon.
             The game lasted 00:03:14 (3189 turns).

Woods the Insei (Gnoll Transmuter)                  Turns: 3189, Time: 00:03:15

Health: -5/34      AC:  2    Str:  9    XL:     4   Next: 90%
Magic:  5/11       EV: 13    Int: 14    God:
Gold:   135        SH:  0    Dex: 13    Spells: 7/13 levels left

rFire   . . .      SeeInvis .     - Unarmed
rCold   . . .      Faith    .   (no shield)
rNeg    . . .      Spirit   .   a - +0 robe
rPois   .          Reflect  .   (helmet currently unavailable)
rElec   .          Harm     .   (no cloak)
rCorr   .          Rampage  .   (no gloves)
Will    .....                   (boots currently unavailable)
Stlth   ++........              (no amulet)
HPRegen 0.11/turn               (no ring)
MPRegen 0.12/turn               (no ring)

@: appendages, very slightly contaminated
A: horns 2, talons 2, fangs 1, strong nose, distributed training
a: End Transformation


You were on level 3 of the Dungeon.
You had temporarily grown beastly horns and talons.
You visited 1 branch of the dungeon, and saw 3 of its levels.

You collected 135 gold pieces.

Inventory:

Armour
 a - a +0 robe (worn)
Jewellery
 b - a ring of fire
Scrolls
 c - 2 scrolls of enchant armour {unknown}
 d - a scroll of summoning {unknown}
 g - a scroll of magic mapping {unknown}
 h - a scroll of silence {unknown}
 i - 2 scrolls of vulnerability {unknown}
Potions
 e - a potion of mutation {unknown}
 f - a potion of magic {unknown}


   Skills:
 + Level 2.8 Fighting
 + Level 1.2 Short Blades
 + Level 1.2 Long Blades
 + Level 1.2 Axes
 + Level 1.2 Maces & Flails
 + Level 1.2 Polearms
 + Level 1.2 Staves
 + Level 1.2 Slings
 + Level 1.2 Bows
 + Level 1.2 Crossbows
 + Level 1.2 Throwing
 + Level 1.2 Armour
 + Level 4.7 Dodging
 + Level 1.2 Stealth
 + Level 1.2 Shields
 + Level 6.6 Unarmed Combat
 + Level 5.1 Spellcasting
 + Level 1.0 Conjurations
 + Level 1.0 Hexes
 + Level 1.0 Summonings
 + Level 1.0 Necromancy
 + Level 1.0 Translocations
 + Level 3.9 Transmutations
 + Level 1.0 Fire Magic
 + Level 1.0 Ice Magic
 + Level 1.0 Air Magic
 + Level 1.0 Earth Magic
 + Level 1.0 Poison Magic
 + Level 1.4 Invocations
 + Level 1.2 Evocations


You had 7 spell levels left.
You knew the following spells:

 Your Spells              Type           Power      Damage    Failure   Level
a - Beastly Appendage     Tmut           28%        N/A       3%          1
b - Wereblood             Tmut           14%        N/A       5%          2
c - Spider Form           Tmut/Pois      10%        N/A       19%         3

Your spell library contained the following spells:

 Spells                   Type           Power      Damage    Failure   Level
 Ice Form                 Ice/Tmut       10%        N/A       52%         4


Dungeon Overview and Level Annotations

Branches:
Dungeon (3/15)

Altars:
Elyvilon
Yredelemnul

Shops:
D:1 =


Innate Abilities, Weirdness & Mutations

You have temporarily grown beastly horns and talons.
You have very sharp teeth.
Your uncanny sense of smell can sniff out nearby items.
Your experience applies equally to all skills.


Message History

The water moccasin skeleton bites you.
You punch the water moccasin skeleton!
Your kick misses the water moccasin skeleton.
You headbutt the water moccasin skeleton.
Your bite misses the water moccasin skeleton.
The water moccasin skeleton is heavily damaged.
The water moccasin skeleton bites you.
You closely miss the water moccasin skeleton.
You claw the water moccasin skeleton.
The water moccasin skeleton is severely damaged.
The water moccasin skeleton bites you!
* * * LOW HITPOINT WARNING * * *
You hit the water moccasin skeleton.
Your kick misses the water moccasin skeleton.
You bite the water moccasin skeleton, but do no damage.
The water moccasin skeleton is severely damaged.
The water moccasin skeleton closely misses you.
You barely miss the water moccasin skeleton.
You claw the water moccasin skeleton.
You headbutt the water moccasin skeleton.
You punch the water moccasin skeleton.
You bite the water moccasin skeleton, but do no damage.
The water moccasin skeleton is almost destroyed.
The water moccasin skeleton bites you.
* * * LOW HITPOINT WARNING * * *
Casting: Beastly Appendage (safe; 3% risk of failure)
Confirm with . or Enter, or press ? or * to list all spells.
The spell is quite dangerous to miscast (19% risk of failure)!
Continue anyway?
You miscast Spider Form.
You are very lightly contaminated with residual magic.
Nothing appears to happen.
The water moccasin skeleton bites you.
* * * LOW HITPOINT WARNING * * *
Unknown command.
Casting: Spider Form (quite dangerous; 19% risk of failure)
Confirm with . or Enter, or press ? or * to list all spells.
The spell is quite dangerous to miscast (19% risk of failure)!
Continue anyway?
You miscast Spider Form.
Nothing appears to happen.
The water moccasin skeleton closely misses you.
The water moccasin skeleton bites you.
You die...

.♣♣....♣##†#
#.................#
⌠♣♣....♣#..#
##.........#.#.####
♣#♣...♣##.## #.............#
#♣...♣♣#..# #..........#..#
♣..♣♣###.## #..........#..#
..♣###...#######..........#..#
.###....###...................
∆ .....####
#..............###.## ######
#.....@....... #.....Z.......
#.......#..... #.......#.....
#.......#..... ########. ....
. ^.. ..


You could see a water moccasin skeleton.

Vanquished Creatures
  4 adders
  8 worms (D:2)
  An orc (D:3)
  2 ball pythons
  5 bats
  4 endoplasms
  5 hobgoblins
  2 jackals (D:1)
  3 quokkas
  3 frilled lizards (D:1)
  5 goblins
  5 kobolds
  3 rats
50 creatures vanquished.

Notes
Turn   | Place    | Note
-------+----------+-------------------------------------------
     0 | D:1      | Woods the Gnoll Transmuter began the quest for the Orb.
     0 | D:1      | Reached XP level 1. HP: 17/17 MP: 6/6
   623 | D:1      | Reached XP level 2. HP: 21/23 MP: 5/7
   859 | D:1      | Found a faded altar of an unknown god.
  1152 | D:1      | Found Meucrurgh's Jewellery Shoppe.
  1214 | D:1      | Reached XP level 3. HP: 28/28 MP: 9/9
  1302 | D:1      | Reached skill level 5 in Spellcasting
  1907 | D:2      | Reached skill level 1 in Invocations
  2054 | D:2      | Reached skill level 1 in Short Blades
  2054 | D:2      | Reached skill level 1 in Long Blades
  2054 | D:2      | Reached skill level 1 in Axes
  2054 | D:2      | Reached skill level 1 in Maces & Flails
  2054 | D:2      | Reached skill level 1 in Polearms
  2054 | D:2      | Reached skill level 1 in Staves
  2054 | D:2      | Reached skill level 1 in Slings
  2054 | D:2      | Reached skill level 1 in Bows
  2054 | D:2      | Reached skill level 1 in Crossbows
  2054 | D:2      | Reached skill level 1 in Throwing
  2054 | D:2      | Reached skill level 1 in Armour
  2054 | D:2      | Reached skill level 1 in Stealth
  2054 | D:2      | Reached skill level 1 in Shields
  2054 | D:2      | Reached skill level 1 in Evocations
  2078 | D:2      | Learned a level 2 spell: Wereblood
  2082 | D:2      | Learned a level 3 spell: Spider Form
  2094 | D:2      | Reached XP level 4. HP: 16/34 MP: 8/11
  2607 | D:3      | Reached skill level 1 in Conjurations
  2607 | D:3      | Reached skill level 1 in Hexes
  2607 | D:3      | Reached skill level 1 in Summonings
  2607 | D:3      | Reached skill level 1 in Necromancy
  2607 | D:3      | Reached skill level 1 in Translocations
  2607 | D:3      | Reached skill level 1 in Fire Magic
  2607 | D:3      | Reached skill level 1 in Ice Magic
  2607 | D:3      | Reached skill level 1 in Air Magic
  2607 | D:3      | Reached skill level 1 in Earth Magic
  2607 | D:3      | Reached skill level 1 in Poison Magic
  2877 | D:3      | Found a white marble altar of Elyvilon.
  3115 | D:3      | Found a basalt altar of Yredelemnul.
  3188 | D:3      | HP: 1/34 [water moccasin skeleton (1)]
  3189 | D:3      | Slain by a water moccasin skeleton

Illustrated notes

Levels and vault maps discovered:
D:1:      dpeg_chamrin_arrival_tetris, layout_basic, serial_shops,
          shop_fountains, shapermc_ecumenical_altar_hornbeckon,
          minmay_split_cup_small
D:2:      layout_basic, nicolae_wormholes
D:3:      layout_basic, kennysheep_ying_yang, minmay_misc_feat_rows,
          chequers_serial_rivers_small_a, minmay_quantized

Skill      XL: |  1  2  3  4 |
---------------+-------------+-----
Spellcasting   | 5 |  5.1
Invocations    | 1 |  1.4
Short Blades   | 1 |  1.2
Long Blades    | 1 |  1.2
Axes           | 1 |  1.2
Maces & Flails | 1 |  1.2
Polearms       | 1 |  1.2
Staves         | 1 |  1.2
Slings         | 1 |  1.2
Bows           | 1 |  1.2
Crossbows      | 1 |  1.2
Throwing       | 1 |  1.2
Armour         | 1 |  1.2
Stealth        | 1 |  1.2
Shields        | 1 |  1.2
Evocations     | 1 |  1.2
Conjurations   | 1 |  1.0
Hexes          | 1 |  1.0
Summonings     | 1 |  1.0
Necromancy     | 1 |  1.0
Translocations | 1 |  1.0
Fire Magic     | 1 |  1.0
Ice Magic      | 1 |  1.0
Air Magic      | 1 |  1.0
Earth Magic    | 1 |  1.0
Poison Magic   | 1 |  1.0
Fighting       | |  2.8
Dodging        | |  4.7
Unarmed Combat | |  6.6
Transmutations | |  3.9

Action                   |  1- 3 |  4- 6 || total
-------------------------+-------+-------++-------
Melee: Unarmed           |   115 |    52 ||   167
       Kick              |    16 |    10 ||    26
       Headbutt          |    16 |     4 ||    20
       Bite              |     9 |     5 ||    14
       Punch             |       |     4 ||     4
 Cast: Beastly Appendage |    21 |    13 ||    34
       Spider Form       |     1 |     1 ||     2
 Stab: Sleeping          |     4 |     4 ||     8
Armor: Robe              |    23 |     2 ||    25
Dodge: Dodged            |    63 |    17 ||    80
